 Dungeon Crawl Stone Soup version 0.29-a0-221-gceb61267dd (webtiles) character file.

Game seed: 14427610680976755738

46 cyrus the Skirmisher (level 3, 0/20 HPs)
             Began as a Vine Stalker Fighter on Feb 26, 2022.
             Succumbed to an adder's poison
             ... on level 2 of the Dungeon.
             The game lasted 00:02:37 (1589 turns).

cyrus the Skirmisher (Vine Stalker Fighter)         Turns: 1589, Time: 00:02:38

Health: 0/20       AC: 11    Str: 18    XL:     3   Next: 68%
Magic:  3/4        EV:  1    Int: 10    God:
Gold:   110        SH: 12    Dex: 13    Spells: 2/2 levels left

rFire   . . .      SeeInvis .   a - +0 war axe
rCold   . . .      Faith    .   n - +0 tower shield of Jigsaw {Stlth+}
rNeg    . . .      Spirit   +   f - +0 plate armour
rPois   .          Reflect  .   (no helmet)
rElec   .          Harm     .   (no cloak)
rCorr   .          Rampage  .   (no gloves)
Will    .....                   (no boots)
Stlth   ..........              (no amulet)
HPRegen 0.06/turn               (no ring)
MPRegen 0.09/turn               (no ring)

@: lethally poisoned (0 -> -6)
A: fangs 2, magic shield, antimagic bite, no potion heal 2
a: no special abilities


You were on level 2 of the Dungeon.
You visited 1 branch of the dungeon, and saw 2 of its levels.

You collected 110 gold pieces.

Inventory:

Hand Weapons
 a - a +0 war axe (weapon)
Armour
 b - a +0 scale mail
 c - a +0 buckler
 f - a +0 plate armour (worn)
 n - the +0 tower shield of Jigsaw (worn) {Stlth+}
   (You found it on level 2 of the Dungeon)

   Stlth:     It makes you more stealthy.
Scrolls
 g - 3 scrolls of teleportation {unknown}
 h - 2 scrolls of identify {unknown}
 i - a scroll of immolation {unknown}
 j - 3 scrolls of enchant armour {unknown}
 k - a scroll of torment {unknown}
Potions
 d - a potion of might
 e - a potion of curing {unknown}
 l - a potion of lignification {unknown}
 m - a potion of heal wounds {unknown}


   Skills:
 + Level 3.1 Fighting
 + Level 2.5 Axes
 + Level 2.7 Armour
 + Level 2.9 Shields


You had 2 spell levels left.
You didn't know any spells.
Your spell library contained the following spells:

 Spells                   Type           Power      Damage    Failure   Level
 Animate Skeleton         Necr           0%         N/A       100%        1
 Apportation              Tloc           0%         N/A       100%        1
 Summon Small Mammal      Summ           0%         N/A       100%        1
 Conjure Flame            Conj/Fire      0%         6-21      100%        3
 Ignite Poison            Fire/Tmut/Pois 0%         N/A       100%        3
 Sticky Flame             Conj/Fire      0%         2d3       100%        4


Dungeon Overview and Level Annotations

Branches:
Dungeon (2/15)

Altars:


Innate Abilities, Weirdness & Mutations

You have extremely sharp teeth.
When hurt, damage is shared between your health and your magic reserves.
Your bite disrupts and absorbs the magic of your enemies.
Potions cannot restore your health.


Message History

Found a hunting sling.
There is an open door here.
You open the door.
Found a translucent tower shield and a mace.
There is an open door here.
Found a book of Burglary.
You see here the +0 tower shield of Jigsaw {Stlth+}.
n - the +0 tower shield of Jigsaw {Stlth+} You start removing your armour.
You continue taking off your +0 buckler. x4
You finish taking off your +0 buckler.
You start putting on your armour.
You continue putting on the +0 tower shield of Jigsaw {Stlth+}. x5
You finish putting on the +0 tower shield of Jigsaw {Stlth+}.
An adder comes into view.
You see here a book of Burglary.
The adder bites you but does no damage.
You slash the adder! Your bite misses the adder.
The adder is severely wounded.
The adder bites you.
You are poisoned.
The adder poisons you! The adder bites you but does no damage.
You closely miss the adder.
The adder is severely wounded.
You feel very sick. You block the adder's attack. x2
You completely miss the adder. Your bite misses the adder.
The adder is severely wounded.
You feel sick. You block the adder's attack. The adder bites you.
You are more poisoned.
The adder poisons you! The adder bites you.
You are more poisoned.
The adder poisons you!
* * * LOW HITPOINT WARNING * * *
You feel sick.
* * * LOW HITPOINT WARNING * * *
You feel very sick.
* * * LOW HITPOINT WARNING * * *
You feel sick.
You die...

#####'####.##.#......#
#.........##.####....
#######....##............##
#.....)....##.....).......#
#.########'###............+
#.....#............#
#.....#.....########
#.....#.....# #
#..@..#####.[# #.#.#.# ##.#
. ..)#S#... ..#.#
....##♣.♣##....# #
........:......+
....##♣.♣##....# .. #.#
...# #.# ### ...


You could see an adder.

Vanquished Creatures
  An adder (D:2)
  A dart slug (D:1)
  2 endoplasms (D:1)
  5 hobgoblins (D:1)
  2 jackals (D:2)
  5 kobolds
  5 quokkas
  2 ball pythons (D:1)
  3 bats (D:2)
  2 frilled lizards (D:2)
  6 rats (D:1)
34 creatures vanquished.

Notes
Turn   | Place    | Note
-------+----------+-------------------------------------------
     0 | D:1      | cyrus the Vine Stalker Fighter began the quest for the Orb.
     0 | D:1      | Reached XP level 1. HP: 11/11 MP: 2/2
    53 | D:1      | Reached XP level 2. HP: 11/16 MP: 1/3
   485 | D:1      | Reached skill level 3 in Fighting
   604 | D:1      | Reached XP level 3. HP: 20/20 MP: 4/4
  1563 | D:2      | Identified the +0 tower shield of Jigsaw {Stlth+}
  1589 | D:2      | Succumbed to an adder's poison

Illustrated notes

Levels and vault maps discovered:
D:1:      dpeg_arrival_line_fractal, layout_basic
D:2:      layout_basic, kennysheep_minor_cross, hangedman_decor_clover_reticule

Skill      XL: |  1  2 |
---------------+-------+-----
Axes           | 2 |  2.5
Fighting       | 3 |  3.1
Armour         | |  2.7
Shields        | |  2.9

Action                   || total
-------------------------++-------
Melee: War axe           ||    85
       Bite              ||    11
Armor: Scale mail        ||    21
       Plate armour      ||    70
Dodge: Dodged            ||    26
Block: Buckler           ||    26
       Tower shield      ||     3

Table legend: (Time is in decaauts)
 A = Elapsed time spent in this place.
 B = Non-inter-level travel time spent in this place.
 C = Inter-level travel time spent in this place.
 D = Time resting spent in this place.
 E = Time spent auto-exploring this place.
 F = Levels seen in this place.
 G = Mean time per level.
                   A        B        C        D        E       F      G
               +--------+--------+--------+--------+--------+-----+--------+
         Total |   1627 |   1616 |     11 |      0 |   1223 |   2 |  813.5 |
       Dungeon |   1627 |   1616 |     11 |      0 |   1223 |   2 |  813.5 |
               +--------+--------+--------+--------+--------+-----+--------+

Top non-repeatable levels by time:
     D:1: 860 daAuts
     D:2: 766 daAuts
